 Dungeon Crawl Stone Soup version 0.18-a0-1539-g1c7284a (webtiles) character file.

65 Kidiri the Magician (level 3, -3/20 HPs)
             Began as a Deep Elf Fire Elementalist on Mar 9, 2016.
             Was an Initiate of Vehumet.
             Slain by a gnoll
             ... wielding a +0 whip
              (4 damage)
             ... on level 1 of the Dungeon.
             The game lasted 00:07:25 (1836 turns).

Kidiri the Magician (Deep Elf Fire Elementalist)    Turns: 1836, Time: 00:07:25

Health: -3/20      AC:  6    Str: 10    XL:     3   Next: 94%
Magic:  5/10       EV: 13    Int: 20    God:    Vehumet [......]
Gold:   74         SH:  0    Dex: 15    Spells: 4 memorised, 1 level left

rFire  . . .     SeeInvis .     g - +0 short sword
rCold  . . .     Gourm    .     a - +0 robe
rNeg   . . .     Faith    .     (no shield)
rPois  +         Spirit   .     h - +2 helmet
rElec  .         Dismiss  .     (no cloak)
rCorr  .         Reflect  .     (no gloves)
SustAt .         Harm     .     j - +0 pair of boots
MR     .....                    (no amulet)
Stlth  ++........               (no ring)
                                l - ring of poison resistance

@: mighty, very slightly contaminated, not resistant to hostile enchantments,
unstealthy
A: no striking features
a: Renounce Religion


You were on level 1 of the Dungeon.
You worshipped Vehumet.
Vehumet was noncommittal.
You were not hungry.

You visited 1 branch of the dungeon, and saw 2 of its levels.

You collected 74 gold pieces.

Inventory:

Hand Weapons
 g - a +0 short sword (weapon)
Armour
 a - a +0 robe (worn)
 h - a +2 helmet (worn)
 j - a +0 pair of boots (worn)
Jewellery
 l - a ring of poison resistance (left hand)
Scrolls
 d - a scroll of identify {unknown}
 i - a scroll of immolation {unknown}
 k - a scroll of fear {unknown}
 m - a scroll of remove curse {unknown}
Potions
 f - a potion of curing {unknown}
 o - a potion of mutation {unknown}
Books
 b - a book of Flames

   Spells                             Type                      Level
   a - Flame Tongue                   Conjuration/Fire             1
   b - Throw Flame                    Conjuration/Fire             2
   c - Conjure Flame                  Conjuration/Fire             3
   d - Inner Flame                    Hexes/Fire                   3
   e - Sticky Flame                   Conjuration/Fire             4
   f - Fireball                       Conjuration/Fire             5
Comestibles
 c - a bread ration
 n - 6 chunks of flesh
 p - a slice of pizza


   Skills:
 + Level 0.7 Fighting
 + Level 2.8 Dodging
 + Level 2.9 Stealth
 * Level 4.2 Spellcasting
 + Level 2.0 Conjurations
 + Level 0.3 Hexes
 + Level 3.4 Fire Magic


You had one spell level left.
You knew the following spells:

 Your Spells              Type           Power        Failure   Level  Hunger
a - Flame Tongue          Conj/Fire      ###..        4%          1    None
b - Throw Flame           Conj/Fire      ###...       10%         2    #......
c - Conjure Flame         Conj/Fire      ###.....     14%         3    ###....
d - Inner Flame           Hex/Fire       ##......     21%         3    ###....


Dungeon Overview and Level Annotations

Branches:
Dungeon (2/15)

Altars:
Vehumet

Annotations:
D:2 Sigmund


Message History

Confirm with . or Enter, or press ? or * to list all spells.
Aiming: Flame Tongue
Press: ? - help, Shift-Dir - straight line, f/p - gnoll
Aim: a gnoll, wielding a whip and wearing a scale mail (moderately wounded)
The flame tongue hits the gnoll.
The gnoll appears unharmed.
The gnoll is moderately wounded.
The gnoll hits you with a whip!
* * * LOW HITPOINT WARNING * * *
Drink which item? (? for menu, Esc to quit)
Okay, then.
Unknown command.
Read which item? (? for menu, Esc to quit)
Okay, then.
Unknown command.
Unknown command.
Drink which item? (? for menu, Esc to quit)
It was a potion of might.
You feel very mighty all of a sudden. The gnoll hits you with a whip.
You die...

#...........# #.....#
#...........# #.....#
#...........# #.....#
#...........# #.....#
#...........# ###'###
#...........# #.#
#########'##### #.#
#)..#####.#########.#####
#...#..g@................
#...#.###.#########.#####
#...#.###.#########.##...
#....>...................
#...#########............
#...# #............ #...#
#............ #####
#............
#............


You could see a gnoll.

Vanquished Creatures
  An adder (D:2)
  A worm (D:2)
  2 dart slugs (D:1)
  2 giant geckos
  A ball python (D:1)
  5 bats
  A giant cockroach (D:1)
  3 hobgoblins
  14 jackals
  A giant newt (D:1)
  5 goblins (D:2)
  2 kobolds (D:1)
  3 rats
41 creatures vanquished.

Notes
Turn   | Place    | Note
--------------------------------------------------------------
     0 | D:1      | Kidiri the Deep Elf Fire Elementalist began the quest for the Orb.
     0 | D:1      | Reached XP level 1. HP: 10/10 MP: 6/6
   406 | D:1      | Reached XP level 2. HP: 13/15 MP: 6/8
   432 | D:1      | Learned a level 2 spell: Throw Flame
  1005 | D:1      | Reached XP level 3. HP: 20/20 MP: 7/10
  1010 | D:1      | Learned a level 3 spell: Conjure Flame
  1014 | D:1      | Learned a level 3 spell: Inner Flame
  1430 | D:2      | Reached skill level 4 in Spellcasting
  1610 | D:2      | Found a radiant altar of Vehumet.
  1617 | D:2      | Became a worshipper of Vehumet
  1727 | D:2      | Noticed Sigmund
  1832 | D:1      | HP: 1/20 [gnoll/whip (7)]
  1836 | D:1      | Slain by a gnoll

Vault maps used:
D:1:      ncdulo_watergridlock, minmay_shallow_snake_nest
D:2:      lemuel_doored_altar, uniq_terence, uniq_sigmund

Skill      XL: |  1  2  3 |
---------------+----------+-----
Spellcasting   | 4 |  4.2
Conjurations   | 2 |  2.0
Fighting       | |  0.7
Dodging        | |  2.8
Stealth        | |  2.9
Hexes          | |  0.3
Fire Magic     | |  3.4

Action                   || total
-------------------------++-------
Melee: Unarmed           ||     1
       Club              ||     9
       Short sword       ||    13
 Cast: Flame Tongue      ||    59
       Throw Flame       ||     9
  Use: Potion            ||     1
 Stab: Sleeping          ||     4
  Eat: Chunk             ||     3
